 Dungeon Crawl Stone Soup version 0.29.0-5-ge4962eb29e (webtiles) character file.

Game seed: 10149635263686331702

2171 Flugkiller the Cleaver (level 9, -6/81 HPs)
             Began as a Minotaur Fighter on Aug 28, 2022.
             Was an Initiate of Gozag.
             Mangled by a killer bee (7 damage)
             ... on level 7 of the Dungeon.
             The game lasted 00:02:26 (6465 turns).

Flugkiller the Cleaver (Minotaur Fighter)           Turns: 6465, Time: 00:02:26

Health: -6/81      AC:  8    Str: 20    XL:     9   Next: 11%
Magic:  8/8        EV:  9    Int:  5    God:    Gozag
Gold:   365        SH:  5    Dex: 15    Spells: 8/8 levels left

rFire   . . .      SeeInvis .   a - +0 war axe
rCold   . . .      Faith    .   c - +0 buckler
rNeg    . . .      Spirit   .   b - +0 scale mail
rPois   .          Reflect  .   (helmet restricted)
rElec   .          Harm     .   (no cloak)
rCorr   .          Rampage  .   (no gloves)
Will    .....                   (no boots)
Stlth   ..........              (no amulet)
HPRegen 0.23/turn               j - +4 ring of slaying
MPRegen 0.11/turn               (no ring)

@: lethally poisoned (-6 -> -13), about to teleport, gold aura, attractive
A: horns 2, retaliatory headbutt
a: Renounce Religion, Potion Petition, Call Merchant, Bribe Branch


You were on level 7 of the Dungeon.
You worshipped Gozag.
Gozag was aware of your devotion.
You visited 2 branches of the dungeon, and saw 8 of its levels.
You also visited: Sewer.

You collected 490 gold pieces.
You paid 125 gold pieces to Gozag.

Inventory:

Hand Weapons
 a - a +0 war axe (weapon)
Missiles
 p - a throwing net (quivered)
Armour
 b - a +0 scale mail (worn)
 c - a +0 buckler (worn)
Jewellery
 g - a ring of wizardry
   (You found it on level 1 of the Dungeon)
 i - a +6 ring of intelligence
   (You found it on level 2 of the Dungeon)
 j - a +4 ring of slaying (left hand)
   (You found it on level 1 of the Dungeon)
 k - the amulet of Elemental Vulnerability {rPois rF-- rC-- AC+8}
   (You found it on level 2 of the Dungeon)

   [amulet of nothing]

   AC:        It affects your AC (+8).
   rF:        It makes you very vulnerable to fire.
   rC:        It makes you very vulnerable to cold.
   rPois:     It protects you from poison.
 l - a ring of positive energy
   (You found it on level 3 of the Dungeon)
 n - an amulet of faith
   (You found it on level 3 of the Dungeon)
 y - an amulet of magic regeneration
   (You found it on level 7 of the Dungeon)
Wands
 f - a wand of iceblast (2)
   (You took it off Ijyb on level 4 of the Dungeon)
 v - a wand of charming (11)
   (You found it on level 5 of the Dungeon)
Scrolls
 e - 13 scrolls of identify {unknown}
 h - a scroll of noise {unknown}
 m - a scroll of fog {unknown}
 t - 3 scrolls of teleportation
 u - a scroll of summoning {unknown}
 A - a scroll of amnesia {unknown}
Potions
 d - a potion of might
 o - a potion of mutation {unknown}
 r - a potion of degeneration {unknown}
 s - a potion of attraction
 w - a potion of invisibility {unknown}
 x - a potion of lignification {unknown}
 z - 2 potions of heal wounds {unknown}


   Skills:
 + Level 8.1 Fighting
 * Level 10.5 Axes
 + Level 8.1 Armour
 - Level 3.6 Shields


You had 8 spell levels left.
You didn't know any spells.
Your spell library was empty.

Dungeon Overview and Level Annotations

Branches:
Dungeon (7/15)             Temple (1/1) D:6           Sewer (visited)

Altars:
Ashenzari
Cheibriados
Dithmenos
Elyvilon
Fedhas
Gozag
Hepliaklqana
Kikubaaqudgha
Makhleb
Nemelex Xobeh
Qazlal
Ru
Sif Muna
Trog
Uskayaw
Vehumet
Wu Jian
Xom
Yredelemnul
Zin
The Shining One

Annotations:
D:5 1 exclusion
D:7 3 runed translucent doors, sausages's ghost, novice DECj


Innate Abilities, Weirdness & Mutations

You have a pair of horns on your head.
You reflexively headbutt those who attack you in melee.


Message History

You are no longer poisoned.
The killer bee is distracted by your dazzling golden aura.
You block the killer bee's attack. The killer bee barely misses you.
The killer bee buzzes angrily.
It was a potion of curing.
You feel better.
q - 2 potions of curing;
f - a wand of iceblast (2)
The jelly quivers.
The killer bee is distracted by your dazzling golden aura.
You hit the killer bee.
The killer bee is no longer distracted by gold.
The killer bee is heavily wounded.
You barely miss the killer bee.
The killer bee is no longer distracted by gold.
The jelly is no longer distracted by gold.
The bullfrog is no longer distracted by gold.
The killer bee is no longer distracted by gold. x2
The killer bee stings you.
The killer bee stings you but does no damage.
The killer bee is distracted by your dazzling golden aura.
The killer bee misses you. You block the killer bee's attack.
The bullfrog is distracted by your dazzling golden aura.
You closely miss the killer bee.
The bullfrog gives a loud, deep croak!
Your headbutt misses the killer bee.
The killer bee is heavily wounded.
You completely miss the killer bee. The killer bee closely misses you.
The killer bee stings you but does no damage.
The killer bee barely misses you. You furiously retaliate!
You headbutt the killer bee! The killer bee barely misses you.
You miss the killer bee. Your headbutt misses the killer bee.
The killer bee is severely wounded.
You completely miss the killer bee. The killer bee stings you!
You are poisoned.
The killer bee poisons you! You block the killer bee's attack.
The killer bee stings you. x2
You are more poisoned.
The killer bee poisons you!
You are too injured to fight recklessly!
You hit the killer bee.
You kill the killer bee!
You miss the killer bee.
You feel very sick. The killer bee closely misses you. You furiously retaliate!
You headbutt the killer bee!
You kill the killer bee!
The killer bee is attracted toward you. The bullfrog is attracted toward you.
You are too injured to fight recklessly!
You are too injured to fight recklessly!
You feel better.
The killer bee is no longer distracted by gold.
The killer bee stings you but does no damage.
The killer bee stings you. The killer bee stings you!
* * * LOW HITPOINT WARNING * * *
You are poisoned.
The killer bee poisons you!
The killer bee stings you but does no damage.
You are too injured to fight recklessly!
You are too injured to fight recklessly!
You barely miss the killer bee. Your headbutt misses the killer bee.
You slash the killer bee!
You feel sick.
The bullfrog is no longer distracted by gold.
The killer bee barely misses you. The killer bee stings you.
* * * LOW HITPOINT WARNING * * *
You are more poisoned.
The killer bee poisons you! The killer bee barely misses you.
You furiously retaliate!
You headbutt the killer bee! The killer bee stings you.
* * * LOW HITPOINT WARNING * * *
You are more poisoned.
The killer bee poisons you!
You are too injured to fight recklessly!
You slash the killer bee!
You kill the killer bee!
You hit the killer bee but do no damage.
* * * LOW HITPOINT WARNING * * *
You feel very sick. The killer bee misses you. You furiously retaliate!
You headbutt the killer bee. The killer bee stings you.
* * * LOW HITPOINT WARNING * * *
You block the killer bee's attack.
Unknown command.
You feel better.
The killer bee stings you but does no damage.
The killer bee stings you.
* * * LOW HITPOINT WARNING * * *
You are poisoned.
The killer bee poisons you!
The bullfrog is distracted by your dazzling golden aura.
The killer bee barely misses you. The killer bee stings you!
* * * LOW HITPOINT WARNING * * *
The bullfrog gives a loud, deep croak!
As you read the scroll labelled QIETYSIPYI, it crumbles to dust.
You feel strangely unstable.
It was a scroll of teleportation.
t - 3 scrolls of teleportation;
v - a wand of charming (11)
* * * LOW HITPOINT WARNING * * *
You feel very sick.
The bullfrog is no longer distracted by gold.
The killer bee stings you!
You die...
Your body crumbles into a pile of gold. ... #######.#.. #######..........# #................. #........#........ #@y####..#........ #y## #........... ≈Fy

##.......... ..J..
#..........
≈§§.≈.≈###.####.###.
+§.≈§§..+............
#≈.≈.≈.≈###.####.###.
#≈§..§§§#........###.
#............


You could see a bullfrog, a jelly and 3 killer bees.

Vanquished Creatures
  A steam dragon (D:6)
  Duvessa (D:4)
  An ice beast (D:7)
  4 black bears
  A centaur (D:6)
  A gnoll sergeant (D:7)
  2 bullfrogs
  4 scorpions
  Dowan (D:4)
  6 killer bees (D:7)
  A howler monkey (D:5)
  2 hounds
  A jelly (D:6)
  3 orc priests
  A gnoll bouda (D:6)
  2 orc wizards
  Ijyb (D:4)
  5 iguanas
  8 gnolls
  5 adders
  2 ufetubi (D:6)
  2 worms (D:2)
  2 dart slugs (D:1)
  14 orcs
  3 bats
  3 endoplasms
  7 giant cockroaches
  3 hobgoblins
  6 jackals
  5 quokkas
  3 ball pythons
  4 frilled lizards
  5 goblins
  8 kobolds
  4 rats
122 creatures vanquished.

Vanquished Creatures (others)
  8 fungi (D:4)
  36 plants (D:5)
44 creatures vanquished.

Grand Total: 166 creatures vanquished

Notes
Turn   | Place    | Note
-------+----------+-------------------------------------------
     0 | D:1      | Flugkiller the Minotaur Fighter began the quest for the
                  | Orb.
     0 | D:1      | Reached XP level 1. HP: 19/19 MP: 0/0
    23 | D:1      | Found a faded altar of an unknown god.
   174 | D:1      | Reached XP level 2. HP: 27/27 MP: 1/1
   267 | D:1      | Reached skill level 3 in Axes
   897 | D:2      | Reached XP level 3. HP: 30/33 MP: 2/2
   930 | D:2      | Found the amulet of Elemental Vulnerability {rPois rF--
                  | rC-- AC+8}
  1113 | D:2      | You fall into a shaft and drop 1 floor!
  1240 | D:3      | Reached skill level 4 in Axes
  1331 | D:3      | Reached XP level 4. HP: 39/40 MP: 3/3
  1894 | D:4      | Found a glowing drain.
  1907 | Sewer    | Entered a sewer
  2025 | D:4      | Noticed a scorpion
  2027 | D:4      | Killed a scorpion
  2028 | D:4      | Reached XP level 5. HP: 47/47 MP: 4/4
  2042 | D:4      | Found a white marble altar of Elyvilon.
  2219 | D:4      | Reached skill level 5 in Axes
  2220 | D:4      | Reached skill level 5 in Armour
  2225 | D:4      | Reached skill level 5 in Fighting
  2373 | D:4      | Reached XP level 6. HP: 11/56 MP: 5/5
  2722 | D:4      | Reached skill level 6 in Axes
  2755 | D:4      | Noticed Ijyb
  2761 | D:4      | Killed Ijyb
  2878 | D:4      | Noticed Duvessa
  2880 | D:4      | Noticed Dowan
  2884 | D:4      | Killed Duvessa
  2888 | D:4      | Killed Dowan
  2889 | D:4      | Reached XP level 7. HP: 50/62 MP: 6/6
  3005 | D:4      | Found a sparkling altar of Nemelex Xobeh.
  3209 | D:5      | Entered Level 5 of the Dungeon
  3387 | D:5      | Reached skill level 7 in Axes
  3907 | D:5      | Reached skill level 8 in Axes
  4260 | D:6      | Reached XP level 8. HP: 51/71 MP: 7/7
  4370 | D:6      | Found a hide-covered altar of Uskayaw.
  4801 | D:6      | Found a staircase to the Ecumenical Temple.
  4831 | D:6      | Reached skill level 9 in Axes
  4842 | Temple   | Entered the Ecumenical Temple
  5116 | Temple   | Became a worshipper of Gozag Ym Sagoz the Greedy
  5346 | D:6      | Found a sacrificial altar of Ru.
  5924 | D:7      | Reached skill level 10 in Axes
  6281 | D:7      | Found a stormy altar of Qazlal.
  6301 | D:7      | Found a runed translucent gate.
  6301 | D:7      | Found a runed translucent gate.
  6301 | D:7      | Found a runed translucent gate.
  6374 | D:7      | Noticed sausages's ghost (novice DECj)
  6449 | D:7      | Reached XP level 9. HP: 55/81 MP: 8/8
  6464 | D:7      | HP: 3/81 [killer bee (8)]
  6465 | D:7      | HP: 1/81 [poisoned by a killer bee]
  6465 | D:7      | Mangled by a killer bee

Illustrated notes

Levels and vault maps discovered:
D:1:      grunt_arrival_lava_bath, layout_basic,
          chequers_ecumenical_altar_simple_redux, serial_co_window_serial,
          co_window_cross_1, co_window_of_opportunity_a, co_window_corner_a,
          co_window_paths_a, co_window_paths_b, co_window_unsneaky_path_b,
          co_window_cross_2, co_window_cross_2, co_window_paths_e,
          co_window_4corner_b, glass_columns_a, glass_columns_a,
          glass_columns_c, glass_columns_a, minmay_pentomino_t2
D:2:      layout_rooms
D:3:      layout_loops_ring
D:4:      layout_basic, nemelex_spade_bored_becter,
          nicolae_elyvilon_peaceful_grove, portal_sewer_entry_f,
          serial_aquarium, aquarium_bridge_square [aquarium_subvault_balcony,
          aquarium_subvault_bridge, aquarium_subvault_wall,
          aquarium_subvault_bridge], aquarium_window_fake, aquarium_window_fake,
          aquarium_window_1, aquarium_window_1, aquarium_view_4,
          aquarium_balcony_double_1, uniq_ijyb, uniq_duvessa
D:5:      cheibrodos_two_vegetables, layout_basic, serial_bayou,
          serial_bayou_shore_b, serial_bayou_lagoon_a, serial_bayou_shore_a,
          serial_bayou_pond_e
D:6:      layout_basic, mainiacjoe_overflow_surrounded_room, lemuel_round_altar,
          minmay_temple_entry_glassed_door, kennysheep_cross_bottleneck
D:7:      layout_basic, grunt_qazlal_sundering, gammafunk_ghost_icy,
          kennysheep_generic_room_11
Temple:   nicolae_temple_bog_church

Skill      XL: |  1  2  3  4  5  6  7  8  9 |
---------------+----------------------------+-----
Axes           | 3 4 5 6 8 10 | 10.5
Fighting       | 4 5 6 7 8 |  8.1
Armour         | 4 5 6 8 |  8.1
Shields        | |  3.6

Action                   |  1- 3 |  4- 6 |  7- 9 || total
-------------------------+-------+-------+-------++-------
Melee: War axe           |    58 |    55 |   142 ||   255
       Headbutt          |    10 |    13 |    28 ||    51
  Use: Potion            |       |       |     4 ||     4
       Scroll            |       |       |     1 ||     1
Armor: Scale mail        |    29 |    18 |    50 ||    97
Dodge: Dodged            |    25 |    25 |    74 ||   124
Block: Buckler           |    13 |     8 |    37 ||    58
